 Dungeon Crawl Stone Soup version 0.30.1-9-gdf580d7c3d (webtiles) character file.

Game seed: 18122318477470047959

46 Ninjinzu the Trooper (level 3, 0/29 HPs)
             Began as a Demonspawn Berserker on Sept 25, 2023.
             Was a Follower of Trog.
             Slain by an orc
             ... wielding a +0 short sword
              (3 damage)
             ... on level 3 of the Dungeon.
             The game lasted 00:03:34 (1925 turns).

Ninjinzu the Trooper (Demonspawn Berserker)         Turns: 1925, Time: 00:03:34

Health: 0/29       AC:  2    Str: 19    XL:     3   Next: 46%
Magic:  3/3        EV: 12    Int:  8    God:    Trog [*.....]
Gold:   158        SH:  4    Dex: 12    Spells: 2/2 levels left

rFire   . . .        a - +0 hand axe
rCold   . . .        (no shield)
rNeg    . . .        b - +0 animal skin
rPois   .            (no helmet)
rElec   .            (no cloak)
rCorr   .            (no gloves)
SInv    .            (no boots)
Will    .....        (no amulet)
Stlth   +            (no ring)
HPRegen 0.24/turn    (no ring)
MPRegen 0.08/turn

%: no passive effects
@: on berserk cooldown, slowed, very slow
A: condensation shield
a: Renounce Religion, Berserk


You were on level 3 of the Dungeon.
You worshipped Trog.
Trog was aware of your devotion.
You visited 1 branch of the dungeon, and saw 3 of its levels.

You collected 158 gold pieces.

Inventory:

Hand Weapons
 a - a +0 hand axe (weapon)
Armour
 b - a +0 animal skin (worn)
Scrolls
 c - a scroll of fear {unknown}
 g - a scroll of fog {unknown}
 i - a scroll of identify {unknown}
Potions
 d - a potion of magic {unknown}
 e - 2 potions of might {unknown}
 f - 2 potions of heal wounds {unknown}
 h - 2 potions of resistance {unknown}
 j - 2 potions of experience {unknown}


   Skills:
 + Level 3.5 Fighting
 + Level 3.4 Axes
 + Level 2.0 Armour
 + Level 2.0 Dodging
 + Level 0.2 Stealth
 + Level 0.1 Shields


You had 2 spell levels left.
You didn't know any spells.
Your spell library was empty.

Dungeon Overview and Level Annotations

Branches:
Dungeon (3/15)

Altars:


Innate Abilities, Weirdness & Mutations

A meltable shield of frost defends you. (SH +4)


Message History

You kill the giant cockroach!
Trog accepts your kill.
You closely miss the goblin. The goblin hits you but does no damage.
You hit the goblin.
You kill the goblin!
Trog accepts your kill.
Things that are here:
a +0 dagger; a goblin corpse; a giant cockroach corpse You closely miss the orc.
You slash the dart slug! The orc hits you but does no damage.
The dart slug barely misses you.
You hit the orc.
The orc is heavily wounded.
You slash the dart slug!
You kill the dart slug!
Trog accepts your kill. The orc hits you with a +0 falchion.
Your Dodging skill increases to level 2!
You slash the orc!
You kill the orc!
Trog accepts your kill.
You are no longer berserk.
You are exhausted.
You feel yourself slow down. The hobgoblin misses you.
You block the orc's attack.
Things that are here:
a +0 falchion; a +0 chain mail You hit the hobgoblin but do no damage.
You closely miss the hobgoblin. You hit the orc but do no damage.
The orc hits you with a +0 short sword.
The hobgoblin barely misses you. x2; The hobgoblin hits you.
The hobgoblin barely misses you. The orc hits you with a +0 short sword.
You barely miss the hobgoblin. You barely miss the orc.
You hit the hobgoblin but do no damage. The orc hits you with a +0 short sword.
* * * LOW HITPOINT WARNING * * *
The hobgoblin closely misses you. The hobgoblin hits you.
* * * LOW HITPOINT WARNING * * *
You block the orc's attack.
Things that are here:
a +0 dagger; a goblin corpse; a giant cockroach corpse The orc hits you with a +0 short sword.
You die...

#...... ##.......
#........
###..<.....
......^... ...._....
######...^.....
#[..ogg.......#.
#..@##o.........
#........#..........
#........#..........
##..#....#..........
##.#..#.#..........
#...............#
..#....##.....##
.#..........####
###........######


You could see an orc and 2 hobgoblins.

Vanquished Creatures
  2 dart slugs
  An orc (D:3)
  4 bats
  4 giant cockroaches
  2 goblins
  3 hobgoblins
  6 jackals
  3 quokkas
  3 ball pythons
  6 frilled lizards
  3 kobolds
  2 rats
39 creatures vanquished.

Notes
Turn   | Place    | Note
-------+----------+-------------------------------------------
     0 | D:1      | Ninjinzu the Demonspawn Berserker began the quest for the
                  | Orb.
     0 | D:1      | Reached XP level 1. HP: 18/18 MP: 1/1
   313 | D:1      | Gained mutation: A meltable shield of frost defends you.
                  | (SH +4) [demonic ancestry]
   313 | D:1      | Reached XP level 2. HP: 9/24 MP: 2/2
  1232 | D:2      | Reached XP level 3. HP: 27/29 MP: 3/3
  1896 | D:3      | Found a faded altar of an unknown god.
  1925 | D:3      | Slain by an orc

Illustrated notes

Levels and vault maps discovered:
D:1:      heliophobic_arrival_glass_houses, layout_loops_ring,
          serial_bayou_pond_e, fountainhead
D:2:      layout_loops_ring
D:3:      layout_rooms, ebering_ecumenical_altar_webs,
          minmay_misc_feat_secret_circle, minmay_tree_intersection

Skill      XL: |  1  2  3 |
---------------+----------+-----
Axes           | 3 |  3.4
Armour         | 2 |  2.0
Dodging        | 2 |  2.0
Fighting       | |  3.5
Stealth        | |  0.2
Shields        | |  0.1

Action                     || total
---------------------------++-------
  Melee: Hand axe          ||   141
         Punch             ||     1
 Invoke: Berserk           ||     1
    Use: Scroll            ||     1
   Stab: Sleeping          ||     1
 Armour: Animal skin       ||    59
  Dodge: Dodged            ||   170
  Block: Other             ||    27
